 Dungeon Crawl Stone Soup version 0.21.1-1-g345015fe64 (webtiles) character file.

729 Peloso the Shield-Bearer (level 7, -3/62 HPs)
             Began as a Minotaur Fighter on July 18, 2018.
             Succumbed to an orc wizard's poison
             ... on level 4 of the Dungeon.
             The game lasted 00:10:48 (3661 turns).

Peloso the Shield-Bearer (Minotaur Fighter)         Turns: 3661, Time: 00:10:49

Health: -3/62      AC: 12    Str: 21    XL:     7   Next: 44%
Magic:  6/6        EV:  4    Int: 10    God:
Gold:   190        SH: 10    Dex: 11    Spells: 6/6 levels left

rFire    . . .     SeeInvis .   a - +1 long sword
rCold    . . .     Gourm    .   c - +0 shield
rNeg     . . .     Faith    .   b - +0 plate armour
rPois    .         Spirit   .   (helmet restricted)
rElec    .         Reflect  .   (no cloak)
rCorr    .         Harm     .   (no gloves)
MR       .....                  (no boots)
Stlth    ..........             e - amulet of rage
HPRegen  0.20/turn              m - +5 ring of intelligence
MPRegen  0.10/turn              (no ring)

@: lethally poisoned (-3 -> -49), slowed, very slow
A: retaliatory headbutt, horns 2
a: Evoke Berserk Rage


You were on level 4 of the Dungeon.
You were hungry.

You visited 1 branch of the dungeon, and saw 4 of its levels.

You collected 190 gold pieces.

Inventory:

Hand Weapons
 a - a +1 long sword (weapon)
Armour
 b - a +0 plate armour (worn)
 c - a +0 shield (worn)
Jewellery
 e - an amulet of rage (around neck)
 m - a +5 ring of intelligence (left hand)
Wands
 o - a wand of acid (4)
Scrolls
 h - a scroll of teleportation
 j - a scroll of fog
Potions
 d - 2 potions of might
 g - 2 potions of haste
 l - 2 potions of agility
 r - a potion of ambrosia
 s - a potion of degeneration {unknown}
 v - a potion of brilliance {unknown}
Comestibles
 f - 9 rations


   Skills:
 + Level 5.8 Fighting
 + Level 5.9 Long Blades
 + Level 5.8 Armour
 + Level 0.4 Dodging
 + Level 0.1 Stealth
 + Level 6.1 Shields


You had 6 spell levels left.
You didn't know any spells.

Dungeon Overview and Level Annotations

Branches:
Dungeon (4/15)
 Temple: D:4-7

Altars:
Cheibriados
Kikubaaqudgha
Qazlal
Vehumet


Innate Abilities, Weirdness & Mutations

You reflexively headbutt those who attack you in melee.
You have a pair of horns on your head.


Message History

The orc wizard hits you but does no damage. x2
The orc hits you with a vampiric dagger.
* * * LOW HITPOINT WARNING * * *
The orc wizard hits you with a dagger.
* * * LOW HITPOINT WARNING * * *
The orc wizard hits you but does no damage.
You are more poisoned.
You hit the orc.
The orc is severely wounded.
* * * LOW HITPOINT WARNING * * *
You feel very sick. You block the orc wizard's attack.
You block the orc's attack.
The orc wizard hits you but does no damage. x2
You are more poisoned.
You block the orc's attack.
The orc wizard hits you but does no damage. x2
You are more poisoned.
Your shield and plate armour prevent you from hitting the orc.
You kill the orc!
You die...

......... #
#..#.##.####### ## #.
.....<.....# #_
#.##.##.###...######
#....##..........)..
#...............####
#####...###........####
#......o# #.##.........
#.####@o#.......>######
#)##.#.#.#.##
#$##.#.#.#.# #.##
#.#.#(# #.# ... # #.. .
### # # #


You could see 2 orc wizards.

Vanquished Creatures
  An ogre (D:3)
  A gnoll sergeant (D:3)
  An orc priest (D:4)
  2 gnoll shamans (D:3)
  2 orc wizards (D:4)
  Terence (D:2)
  30 gnolls
  A worm (D:3)
  2 dart slugs
  2 leopard geckos (D:2)
  12 orcs
  2 ball pythons (D:1)
  8 bats
  3 giant cockroaches
  5 goblins
  6 hobgoblins
  28 jackals
  2 quokkas (D:4)
  5 frilled lizards
  8 kobolds
  4 rats
126 creatures vanquished.

Notes
Turn   | Place    | Note
-------+----------+-------------------------------------------
     0 | D:1      | Peloso the Minotaur Fighter began the quest for the Orb.
     0 | D:1      | Reached XP level 1. HP: 19/19 MP: 0/0
   131 | D:1      | Reached XP level 2. HP: 19/27 MP: 1/1
   394 | D:1      | Reached skill level 4 in Shields
   639 | D:1      | Reached XP level 3. HP: 33/33 MP: 2/2
   759 | D:2      | Found an ancient bone altar of Kikubaaqudgha.
   774 | D:2      | Noticed Terence
   786 | D:2      | Killed Terence
  1104 | D:2      | Reached XP level 4. HP: 40/40 MP: 3/3
  1440 | D:3      | Reached skill level 5 in Shields
  1526 | D:3      | Reached XP level 5. HP: 36/46 MP: 4/4
  1567 | D:3      | HP: 2/46 [gnoll/halberd (6)]
  2108 | D:3      | Reached XP level 6. HP: 49/53 MP: 5/5
  2180 | D:3      | Reached skill level 5 in Armour
  2425 | D:3      | Reached skill level 5 in Long Blades
  2589 | D:3      | Found a radiant altar of Vehumet.
  2597 | D:3      | Reached skill level 6 in Shields
  2671 | D:3      | Reached skill level 5 in Fighting
  2906 | D:3      | Reached XP level 7. HP: 61/61 MP: 6/6
  3501 | D:4      | Found a stormy altar of Qazlal.
  3563 | D:4      | Found a snail-covered altar of Cheibriados.
  3661 | D:4      | Succumbed to an orc wizard's poison

Skill      XL: |  1  2  3  4  5  6 |
---------------+-------------------+-----
Armour         | 4 5 |  5.8
Shields        | 4 5 6 |  6.1
Fighting       | 4 5 |  5.8
Long Blades    | 3 4 5 |  5.9
Dodging        | |  0.4
Stealth        | |  0.1

Action                   |  1- 3 |  4- 6 |  7- 9 || total
-------------------------+-------+-------+-------++-------
Melee: Long sword        |    98 |   218 |   105 ||   421
       Headbutt          |    15 |    34 |    19 ||    68
  Use: Scroll            |       |       |     9 ||     9
  Eat: Chunk             |       |     7 |     2 ||     9
Armor: Scale mail        |    45 |       |       ||    45
       Plate armour      |       |   176 |    98 ||   274
Dodge: Dodged            |    31 |    54 |    14 ||    99
Block: Shield            |    59 |   184 |    67 ||   310
       Rpst.: Long sword |     7 |    12 |     3 ||    22
